AoeStats
← DHoneyBadger

Black Forest

505404627Analyzed
4v4 RM · 24d ago on Sep 9, 2026· 56m 13s· 8 players
Game mode
Random Map
Map size
Large (8 player)
Population
200
Speed
Normal
Resources
Standard
Victory
Conquest
Starting age
Dark Age
Ending age
Imperial Age
RankedLock teamsTeams togetherTeam positionsShared explorationLock speedFull tech treeHidden civsTurbo modeCheats
Victory
Defeat
🇬🇧 Byzantines · United Kingdom
952
+13
🇷🇺 Goths · Russia
952
+13
🇹🇼 Britons · Taiwan
914
+15
🇪🇸 Slavs · Spain
899
+15
🇲🇽 Britons · Mexico
1042
-20
🇨🇴 Portuguese · Colombia
1017
-19
🇻🇪 Italians · Venezuela
744
-23
🇨🇴 Persians · Colombia
733
-16
Dayman
1:25 Loom
13:41 Feudal Age
18:15 Castle Age
17:32 Double-Bit Axe
27:34 Horse Collar
28:08 Bow Saw
29:25 Redemption
30:08 Heavy Plow
34:29 Imperial Age
31:57 Pikeman
32:30 Fletching
32:42 Padded Archer Armor
33:31 Ballistics
33:56 Fortified Wall
33:35 Elite Skirmisher
36:13 Chemistry
35:44 Thumb Ring
37:22 Wheelbarrow
40:56 Bodkin Arrow
41:16 Leather Archer Armor
46:02 Bracer
45:57 Gold Mining
45:58 Stone Mining
47:42 Caravan
50:25 Ring Archer Armor
51:14 Murder Holes
53:36 Forging
53:26 Scale Mail Armor
CannotFly
0:31 Loom
12:37 Feudal Age
14:30 Double-Bit Axe
17:49 Castle Age
16:59 Horse Collar
18:17 Stone Mining
18:21 Gold Mining
22:36 Wheelbarrow
23:04 Bow Saw
22:58 Heavy Plow
26:49 Fortified Wall
31:01 Imperial Age
30:00 Fletching
31:13 Hand Cart
30:44 Town Watch
31:32 Padded Archer Armor
31:28 Bodkin Arrow
32:27 Conscription
32:30 Leather Archer Armor
33:13 Caravan
34:04 Bracer
37:04 Two-Man Saw
37:41 Yeomen
36:43 Elite Longbowman
38:14 Ring Archer Armor
37:50 Squires
37:36 Gambesons
37:38 Arson
40:17 Chemistry
39:49 Pikeman
41:46 Ballistics
41:31 Scale Mail Armor
41:42 Forging
42:02 Warwolf
42:49 Halberdier
45:11 Chain Mail Armor
45:32 Iron Casting
49:39 Blast Furnace
49:09 Plate Mail Armor
MMURIEL
1:15 Loom
12:08 Feudal Age
13:26 Wheelbarrow
12:37 Double-Bit Axe
12:34 Horse Collar
19:52 Castle Age
18:26 Stone Mining
19:03 Gold Mining
20:57 Hand Cart
21:39 Bow Saw
21:38 Heavy Plow
24:53 Bloodlines
32:53 Imperial Age
31:59 Detinets
33:26 Gold Shaft Mining
33:02 Fortified Wall
33:58 Conscription
34:11 Crop Rotation
34:43 Two-Man Saw
34:46 Chemistry
35:58 Husbandry
36:13 Caravan
37:00 Scale Barding Armor
37:06 Forging
37:09 Masonry
37:20 Ballistics
38:05 Elite Boyar
39:43 Onager
40:52 Chain Barding Armor
40:41 Town Watch
42:12 Plate Barding Armor
42:13 Iron Casting
41:49 Fletching
41:59 Padded Archer Armor
42:03 Scale Mail Armor
42:44 Capped Ram
45:20 Blast Furnace
45:06 Hoardings
47:08 Chain Mail Armor
47:10 Siege Onager
47:58 Siege Engineers
49:27 Light Cavalry
50:13 Heavy Scorpion
51:33 Man-at-Arms
52:14 Squires
53:34 Murder Holes
53:32 Fletching
54:21 Long Swordsman
56:34 Plate Mail Armor
55:33 Two-Handed Swordsman
56:06 Guard Tower
SANCHES
0:27 Loom
12:00 Feudal Age
13:50 Wheelbarrow
17:48 Castle Age
18:09 Forging
18:34 Double-Bit Axe
20:41 Squires
20:02 Pikeman
20:46 Gold Mining
20:38 Horse Collar
21:48 Bow Saw
27:49 Town Watch
28:12 Heavy Plow
29:52 Anarchy
30:04 Stone Mining
34:40 Imperial Age
33:23 Hand Cart
33:17 Town Patrol
34:49 Halberdier
35:35 Perfusion
37:09 Crop Rotation
37:16 Iron Casting
36:42 Scale Mail Armor
40:11 Blast Furnace
39:26 Chain Mail Armor
39:28 Perfusion
38:49 Elite Huskarl
41:57 Chemistry
40:54 Murder Holes
43:26 Two-Man Saw
48:24 Ballistics
48:16 Masonry
49:25 Stone Shaft Mining
49:22 Conscription
55:00 Capped Ram
55:01 Heavy Scorpion
56:00 Scale Barding Armor
DHoneyBadger
1:45 Loom
11:23 Feudal Age
16:02 Castle Age
15:18 Double-Bit Axe
17:20 Horse Collar
18:44 Bow Saw
18:39 Fletching
21:20 Crossbowman
23:22 Padded Archer Armor
27:40 Bodkin Arrow
28:01 Leather Archer Armor
28:50 Gold Mining
28:55 Stone Mining
31:52 Gold Shaft Mining
32:07 Wheelbarrow
31:18 Town Watch
31:41 Treadmill Crane
33:51 Pikeman
34:31 Squires
37:57 Imperial Age
38:05 Elite Skirmisher
38:44 Light Cavalry
41:18 Husbandry
41:36 Scale Barding Armor
41:32 Scale Mail Armor
41:45 Forging
41:27 Cavalier
44:31 Chain Barding Armor
44:47 Iron Casting
46:14 Heavy Plow
46:55 Murder Holes
48:11 Ballistics
Janger
11:04 Feudal Age
13:19 Wheelbarrow
14:34 Loom
17:19 Castle Age
15:52 Double-Bit Axe
15:53 Horse Collar
20:49 Town Watch
23:08 Bow Saw
24:26 Heavy Plow
25:13 Fervor
25:19 Forging
25:56 Hand Cart
26:27 Treadmill Crane
27:57 Gold Mining
27:58 Stone Mining
29:11 Masonry
29:25 Ballistics
34:13 Imperial Age
32:13 Fletching
32:26 Squires
33:43 Stone Shaft Mining
34:18 Silk Road
34:17 Town Patrol
33:49 Pikeman
34:17 Arson
33:55 Elite Skirmisher
34:41 Thumb Ring
34:39 Crossbowman
35:42 Conscription
36:08 Architecture
36:57 Chemistry
36:24 Guilds
37:15 Hoardings
38:00 Bodkin Arrow
38:41 Iron Casting
38:09 Scale Mail Armor
38:16 Scale Barding Armor
38:14 Padded Archer Armor
40:14 Elite Genoese Crossbowman
41:40 Husbandry
43:01 Bloodlines
43:58 Coinage
43:02 Cavalier
43:05 Light Cavalry
44:21 Pirotechnia
44:26 Bracer
45:28 Blast Furnace
46:33 Hussar
52:36 Murder Holes
Loop
4:04 Loom
13:15 Feudal Age
17:56 Castle Age
15:57 Double-Bit Axe
19:13 Horse Collar
19:56 Bow Saw
26:17 Gold Mining
31:22 Imperial Age
29:46 Wheelbarrow
28:57 Town Watch
34:19 Conscription
34:36 Hoardings
33:31 Sappers
34:18 Masonry
33:49 Pikeman
35:12 Halberdier
35:52 Squires
35:38 Arson
35:38 Gambesons
37:53 Kamandaran
39:04 Forging
38:54 Scale Mail Armor
39:00 Scale Barding Armor
38:51 Guard Tower
39:22 Ballistics
39:26 Husbandry
40:18 Bloodlines
40:54 Gold Shaft Mining
40:13 Cavalier
43:30 Chemistry
43:00 Architecture
42:40 Careening
42:29 Light Cavalry
43:28 Hussar
45:34 Heavy Plow
45:53 Hand Cart
45:38 Town Patrol
46:43 Caravan
47:13 Coinage
46:53 Guilds
48:11 Two-Man Saw
48:03 Citadels
Davidcrit
0:34 Loom
14:48 Feudal Age
21:01 Castle Age
20:52 Horse Collar
20:58 Double-Bit Axe
21:24 Fletching
25:26 Bow Saw
27:33 Wheelbarrow
27:23 Bodkin Arrow
34:01 Imperial Age
32:03 Gold Mining
32:58 Hand Cart
32:29 Town Watch
33:53 Town Patrol
33:55 Padded Archer Armor
33:38 Treadmill Crane
34:18 Ballistics
34:57 Masonry
35:57 Chemistry
35:03 Bracer
35:27 Heavy Plow
35:51 Circumnavigation
37:12 Fervor
37:20 Forging
37:26 Leather Archer Armor
37:20 Siege Engineers
38:13 Onager
40:38 Elite Skirmisher
41:24 Thumb Ring
42:16 Fortified Wall
42:11 Pikeman
42:37 Gambesons
42:37 Arson
43:30 Iron Casting
43:25 Ring Archer Armor
42:56 Scale Mail Armor
42:59 Husbandry
45:13 Halberdier
47:48 Blast Furnace
46:50 Arquebus
47:10 Conscription
47:32 Bloodlines
46:43 Light Cavalry
48:20 Chain Mail Armor
48:53 Conscription
51:37 Murder Holes
53:49 Scale Barding Armor
Connection lost

Rejoining the realm…

Still unreachable

The connection could not be restored.

Session expired

The server has moved on; the page needs a fresh start.